 Dungeon Crawl Stone Soup version 0.31-a0-232-gb1c03b2570 (webtiles) character file.

Game seed: 2258688628146405815

167 qw the Shooter (level 5, -1/31 HPs)
             Began as a Gargoyle Hexslinger on July 7, 2023.
             Slain by an adder (2 damage)
             ... on level 3 of the Dungeon.
             The game lasted 00:00:58 (2456 turns).

qw the Shooter (Gargoyle Hexslinger)                Turns: 2456, Time: 00:00:59

Health: -1/31      AC: 11    Str: 12    XL:     5   Next: 48%
Magic:  6/6        EV: 11    Int: 13    God:
Gold:   101        SH:  0    Dex: 14    Spells: 5/6 levels left

rFire   . . .        Y - +1 sling
rCold   . . .        (no shield)
rNeg    + . .        e - +0 leather armour
rPois   inf          (no helmet)
rElec   +            (no cloak)
rCorr   .            (no gloves)
SInv    .            (no boots)
Will    .....        d - amulet of regeneration
Stlth   +            c - +4 ring of protection
HPRegen 1.05/turn    (no ring)
MPRegen 0.10/turn

%: no passive effects
@: no status effects
A: sickness immunity, AC +4, negative energy resistance 1, electricity
resistance, torment resistance 1, petrification resistance
a: no special abilities


You were on level 3 of the Dungeon.
You visited 1 branch of the dungeon, and saw 3 of its levels.

You collected 101 gold pieces.


Innate Abilities, Weirdness & Mutations

You are immune to sickness and miasma.
Your stone body is resilient. (AC +4)
You are immune to poison.
You resist negative energy. (rN+)
You are resistant to electric shocks. (rElec)
You are resistant to unholy torment.
You are immune to petrification.


   Skills:
 + Level 2.7 Fighting
 - Level 5.0 Ranged Weapons
 - Level 1.5 Dodging
 - Level 1.0 Spellcasting
 - Level 2.6 Hexes


You had 5 spell levels left.
You knew the following spells:

 Your Spells              Type           Power      Damage    Failure   Level
a - Slow                  Hex            28%        N/A       12%         1

Your spell library contained the following spells:

 Spells                   Type           Power      Damage    Failure   Level
 Inner Flame              Hex/Fire       4%         N/A       52%         3
 Portal Projectile        Hex/Tloc       8%         N/A       52%         3
 Cause Fear               Hex            3%         N/A       75%         4

Inventory:

Hand Weapons
 Y - a +1 sling (weapon)
Armour
 e - a +0 leather armour (worn)
Jewellery
 c - a +4 ring of protection (left hand)
 d - an amulet of regeneration (around neck)
Scrolls
 a - a scroll of vulnerability {unknown}
 f - a scroll of fear {unknown}
Potions
 b - a potion of curing {unknown}
 g - a potion of enlightenment {unknown}

Dungeon Overview and Level Annotations

Branches:
Dungeon (3/15)

Altars:
Zin

Shops:
D:1 ?


Message History

The orc hits you but does no damage. x2
The orc hits you with a +2 short sword of protection.
You shoot a sling bullet. The sling bullet barely misses the orc.
The sling bullet misses the adder.
The orc closely misses you. The orc hits you with a +0 falchion.
The orc priest miscasts a cantrip.
The orc barely misses you.
You shoot a sling bullet.
The sling bullet hits the orc but does no damage.
The orc is moderately wounded.
The orc barely misses you. The orc misses you.
The orc hits you with a +2 short sword of protection.
The orc barely misses you. The orc hits you but does no damage. x2
You shoot a sling bullet.
The sling bullet hits the orc but does no damage.
The orc is moderately wounded.
The orc barely misses you. The orc closely misses you.
The orc hits you but does no damage.
You shoot a sling bullet. The sling bullet barely misses the orc.
The sling bullet closely misses the adder.
The orc hits you with a +0 hand axe. The orc barely misses you.
The orc hits you with a +0 falchion.
You shoot a sling bullet. The sling bullet hits the orc.
You kill the orc!
The orc hits you with a +0 hand axe. The orc closely misses you.
The adder barely misses you.
You shoot a sling bullet.
The sling bullet hits the adder but does no damage.
The orc barely misses you. The orc hits you with a +0 hand axe.
You shoot a sling bullet. The sling bullet hits the orc priest.
The orc priest is lightly wounded.
The adder bites you. The orc hits you with a +0 hand axe.
The orc priest closely misses you. The orc closely misses you.
The adder bites you but does no damage.
You shoot a sling bullet.
The sling bullet completely misses the orc priest.
The sling bullet closely misses the adder.
The orc barely misses you. The orc priest hits you with a +0 mace.
The orc hits you but does no damage. The adder bites you.
You die...

#########
..>)...S#
########
.)....oo###
#.......
#ro@S.#
#.######
#.###.#######.#
# #.........#
#.#########
#.....#
........#
#######.# #.#
#.#


You could see an orc priest, 2 adders, 2 orcs and a rat.

Vanquished Creatures
  Natasha (twice) (D:2)
  An orc wizard (D:2)
  2 adders
  A worm (D:3)
  2 dart slugs
  7 orcs
  A ball python (D:2)
  A bat (D:3)
  7 endoplasms
  A giant cockroach (D:1)
  6 goblins
  4 hobgoblins
  8 jackals
  2 quokkas
  2 frilled lizards
  4 kobolds
  6 rats
57 creatures vanquished.

Notes
Turn   | Place    | Note
-------+----------+-------------------------------------------
     0 | D:1      | qw the Gargoyle Hexslinger began the quest for the Orb.
     0 | D:1      | Reached XP level 1. HP: 12/12 MP: 2/2
     0 | D:1      | 0 ||| qw: Version: 0.3-a-46-gb1f654a
     0 | D:1      | 0 ||| qw: Game counter: 2158
     0 | D:1      | 0 ||| qw: Melee chars always use a shield: true
     0 | D:1      | 0 ||| qw: God list: Okawaru
     0 | D:1      | 0 ||| qw: Allow faded altars: false
     0 | D:1      | 0 ||| qw: Do Orc after clearing Dungeon:15 true
     0 | D:1      | 0 ||| qw: Do second Lair branch before Depths: true
     0 | D:1      | 0 ||| qw: Lair rune preference: random
     0 | D:1      | 0 ||| qw: Goals: Normal
     0 | D:1      | 0 ||| PLANNING D:1-11
   130 | D:1      | Reached XP level 2. HP: 14/16 MP: 3/3
   185 | D:1      | 185 ||| FLEEEEING.
   219 | D:1      | Reached skill level 3 in Ranged Weapons
   573 | D:1      | Found Pannaig's Magic Scroll Emporium.
   583 | D:1      | 583 ||| SHOPLISTING 2 scrolls of identify (52 gold, have
                  | 19).
   583 | D:1      | 583 ||| SHOPLISTING 3 scrolls of brand weapon (370 gold,
                  | have 19).
   583 | D:1      | 583 ||| SHOPLISTING scroll of brand weapon (123 gold, have
                  | 19).
   583 | D:1      | 583 ||| SHOPLISTING scroll of identify (26 gold, have 19).
  1075 | D:1      | 1075 ||| UPGRADING to +0 leather armour.
  1085 | D:1      | 1085 ||| DROPPING +0 robe.
  1086 | D:1      | 1086 ||| UPGRADING to amulet of regeneration.
  1091 | D:1      | 1091 ||| READING scroll labelled XUPREVO JAUD.
  1096 | D:1      | 1096 ||| READING scroll labelled ZOUDEENI HAYCH.
  1197 | D:1      | 1197 ||| DROPPING scroll of poison.
  1217 | D:2      | 1217 ||| STAIRDANCE
  1232 | D:1      | Reached XP level 3. HP: 21/21 MP: 4/4
  1488 | D:2      | Noticed Natasha
  1507 | D:2      | Killed Natasha
  1508 | D:2      | Reached XP level 4. HP: 21/26 MP: 5/5
  1508 | D:2      | 1508 ||| FLEEEEING.
  1509 | D:2      | 1509 ||| FLEEEEING.
  1764 | D:2      | Reached skill level 4 in Ranged Weapons
  1875 | D:2      | Noticed Natasha
  1880 | D:2      | Killed Natasha
  1898 | D:2      | 1898 ||| UPGRADING to +4 ring of protection.
  1899 | D:2      | 1899 ||| READING scroll labelled OTHREV GAUFO.
  1904 | D:2      | 1904 ||| READING scroll labelled DAWYAD ZESMIKHAA.
  1921 | D:3      | 1921 ||| STAIRDANCE
  1941 | D:2      | HP: 5/26 [something/magic dart (10)]
  1963 | D:2      | Reached XP level 5. HP: 20/30 MP: 6/6
  2098 | D:3      | Found a glowing silver altar of Zin.
  2141 | D:3      | Reached skill level 5 in Ranged Weapons
  2454 | D:3      | HP: 5/31 [orc/+0 hand axe (6)]
  2456 | D:3      | HP: 1/31 [orc priest/+0 mace (3)]
  2456 | D:3      | Slain by an adder

Levels and vault maps discovered:
D:1:      dpeg_arrival_brainrot, layout_basic, serial_shops, shop,
          roderic_roman_lattice
D:2:      layout_basic, uniq_natasha
D:3:      layout_loops_ring, nicolae_overflow_hidden_temple

Skill      XL: |  1  2  3  4  5 |
---------------+----------------+-----
Ranged Weapons | 3 4 5 |  5.0
Fighting       | 2 |  2.7
Dodging        | |  1.5
Spellcasting   | |  1.0
Hexes          | |  2.6

Action                     |  1- 3 |  4- 6 || total
---------------------------+-------+-------++-------
   Fire: Sling             |   118 |   138 ||   256
    Use: Scroll            |     2 |     2 ||     4
 Armour: Robe              |    10 |       ||    10
         Leather armour    |    12 |    60 ||    72
  Dodge: Dodged            |    60 |    58 ||   118

Table legend:
 A = Non-vault XP
 B = Vault XP
 C = Vault XP percentage of total XP
 D = Non-vault monster count
 E = Vault monster count
 F = Vault count percentage of total count
                 A         B        C        D         E       F
            +---------+---------+-------+---------+---------+-------
      Total |     204 |      35 |  14.6 |      56 |       1 |   1.8
            +---------+---------+-------+---------+---------+-------
        D:1 |      46 |       0 |   0.0 |      17 |       0 |   0.0
        D:2 |     112 |      35 |  23.8 |      18 |       1 |   5.3
        D:3 |      46 |       0 |   0.0 |      21 |       0 |   0.0
            +---------+---------+-------+---------+---------+-------
